General information
- name: BNet
- type: Ladder team game (AT/RT)
- host: Battle.net
- saver: skrt
map: Feralas_LV
- players: 8
- length: 18:04
- speed: Fast
- version: 1.10030 W3XP
- replay type: Public
» download(217 KB)
Players
team 1 (winner)

»
hixhix (
blue | 124 APM | 2235 actions | 18:04)
5 Blademaster
2 Wind Walk
3 Critical Strike
4 Shadow Hunter
2 Healing Wave
2 Hex
3 Tauren Chieftain
2 War Stomp
1 Endurance Aura
» actions
| Assign group hotkey | 15 | |
| Basic commands | 266 | |
| Build / train | 95 | |
| Enter build submenu | 16 | |
| Enter hero's abilities submenu | 12 | |
| Give item / drop item | 5 | |
| Remove unit from queue | 2 | |
| Right click | 685 | |
| Select / deselect | 341 | |
| Select group hotkey | 698 | |
| Use ability | 100 | |
2235 total
» units
» upgrades
| Pulverize | 1 | |
| Shaman Training | 2 | |
| Reinforced Defenses | 1 | |
| Armor | 1 | |
| Melee Weapons | 3 | |
8 total
» buildings
| Orc Burrow | 6 | |
| Altar of Storms | 1 | |
| War Mill | 1 | |
| Voodoo Lounge | 1 | |
| Stronghold | 1 | |
| Watch Tower | 3 | |
| Fortress | 1 | |
| Tauren Totem | 1 | |
| Spirit Lodge | 1 | |
16 total
» build order
00:06 Orc Burrow
00:12 Altar of Storms
01:00 War Mill
01:16 Voodoo Lounge
02:28 Stronghold
03:01 Watch Tower
04:09 Orc Burrow
04:50 Fortress
08:03 Tauren Totem
08:06 Spirit Lodge
09:54 Watch Tower
09:55 Watch Tower
10:54 Orc Burrow
10:55 Orc Burrow
13:47 Orc Burrow
13:48 Orc Burrow
» items
| Healing Salve | 5 | |
| Lesser Clarity Potion | 10 | |
| Circlet of Nobility | 3 | |
| Boots of Speed | 1 | |
| Tiny Great Hall | 1 | |
| Orb of Lightning | 3 | |
| Potion of Healing | 6 | |
| Scroll of Town Portal | 3 | |
32 total
dharma (
green | 58 APM | 1052 actions | 18:04)
5 Shadow Hunter
3 Healing Wave
2 Hex
3 Far Seer
1 Chain Lighting
2 Feral Spirit
» actions
| Basic commands | 82 | |
| Build / train | 73 | |
| ESC pressed | 7 | |
| Enter build submenu | 20 | |
| Enter hero's abilities submenu | 8 | |
| Give item / drop item | 2 | |
| Right click | 489 | |
| Select / deselect | 296 | |
| Use ability | 75 | |
1052 total
» units
| Peon | 19 | |
| Grunt | 9 | |
| Forest Troll Berserker | 1 | |
| Forest Troll Shadow Priest | 1 | |
| Troll Headhunter/Berserker | 2 | |
| Wind Rider | 15 | |
47 total
» upgrades
| Armor | 2 | |
| Reinforced Defenses | 1 | |
| Ranged Weapons | 2 | |
| Envenomed Spears | 1 | |
6 total
» buildings
| Barracks | 1 | |
| Orc Burrow | 6 | |
| Altar of Storms | 1 | |
| Voodoo Lounge | 1 | |
| War Mill | 1 | |
| Great Hall | 1 | |
| Stronghold | 1 | |
| Watch Tower | 2 | |
| Beastiary | 3 | |
| Fortress | 1 | |
18 total
» build order
00:06 Barracks
00:23 Orc Burrow
01:18 Altar of Storms
01:31 Orc Burrow
02:51 Orc Burrow
03:16 Voodoo Lounge
03:55 War Mill
04:16 Great Hall
05:52 Stronghold
06:02 Watch Tower
08:09 Watch Tower
08:45 Beastiary
08:46 Beastiary
08:48 Orc Burrow
08:53 Beastiary
08:59 Orc Burrow
11:41 Fortress
12:50 Orc Burrow
» items
| Healing Salve | 3 | |
| Lesser Clarity Potion | 3 | |
| Potion of Healing | 1 | |
| Scroll of Town Portal | 1 | |
8 total
ggplot (
yellow | 82 APM | 1474 actions | 18:04)
4 Mountain King
2 Storm Bolt
2 Bash
2 Paladin
1 Holy Light
1 Divine Shield
» actions
| Assign group hotkey | 7 | |
| Basic commands | 29 | |
| Build / train | 85 | |
| ESC pressed | 2 | |
| Enter build submenu | 39 | |
| Enter hero's abilities submenu | 6 | |
| Give item / drop item | 3 | |
| Right click | 798 | |
| Select / deselect | 398 | |
| Select group hotkey | 24 | |
| Use ability | 83 | |
1474 total
» units
| Peasant | 16 | |
| Footman | 12 | |
| Gryphon Rider | 9 | |
37 total
» upgrades
| Lumber Harvesting | 2 | |
| Masonry | 2 | |
| Swords | 2 | |
| Animal War Training | 1 | |
| Armor | 1 | |
| Storm Hammers | 2 | |
10 total
» buildings
| Altar of Kings | 1 | |
| Farm | 10 | |
| Barracks | 1 | |
| Scout Tower | 8 | |
| Lumber Mill | 1 | |
| Arcane Vault | 3 | |
| Keep | 1 | |
| Blacksmith | 1 | |
| Arcane Tower | 4 | |
| Guard Tower | 5 | |
| Town Hall | 1 | |
| Castle | 1 | |
| Gryphon Aviary | 3 | |
40 total
» build order
00:06 Altar of Kings
00:10 Farm
00:24 Barracks
00:50 Scout Tower
01:51 Lumber Mill
01:56 Farm
02:32 Arcane Vault
03:25 Keep
03:34 Blacksmith
03:36 Scout Tower
04:12 Arcane Tower
04:12 Arcane Tower
04:13 Guard Tower
04:23 Farm
04:26 Farm
04:29 Farm
05:47 Town Hall
07:46 Scout Tower
08:15 Castle
08:20 Scout Tower
08:21 Arcane Tower
09:13 Scout Tower
09:14 Arcane Tower
10:16 Scout Tower
10:18 Guard Tower
10:19 Scout Tower
10:20 Scout Tower
10:43 Gryphon Aviary
10:47 Gryphon Aviary
10:48 Guard Tower
10:50 Gryphon Aviary
10:56 Guard Tower
11:07 Arcane Vault
11:28 Farm
11:28 Farm
11:31 Guard Tower
11:33 Arcane Vault
12:43 Farm
16:08 Farm
16:09 Farm
» items
| Scroll of Regeneration | 3 | |
| Lesser Clarity Potion | 5 | |
| Boots of Speed | 1 | |
| Scroll of Town Portal | 2 | |
| Orb of Fire | 2 | |
| Staff of Sanctuary | 1 | |
| Potion of Mana | 2 | |
| Potion of Healing | 1 | |
17 total

»
BoratSagdiev (
purple | 30 APM | 550 actions | 18:04)
5 Blademaster
3 Critical Strike
2 Mirror Image
3 Shadow Hunter
2 Healing Wave
1 Hex
» actions
| Build / train | 62 | |
| ESC pressed | 1 | |
| Enter build submenu | 20 | |
| Enter hero's abilities submenu | 8 | |
| Give item / drop item | 2 | |
| Right click | 203 | |
| Select / deselect | 207 | |
| Use ability | 47 | |
550 total
» units
| Peon | 15 | |
| Grunt | 4 | |
| Tauren | 7 | |
| Shaman | 9 | |
35 total
» upgrades
| Berserker Strength | 1 | |
| Melee Weapons | 2 | |
| Shaman Training | 2 | |
| Armor | 1 | |
| Pulverize | 1 | |
| Reinforced Defenses | 1 | |
8 total
» buildings
| Altar of Storms | 1 | |
| Orc Burrow | 5 | |
| Barracks | 1 | |
| Voodoo Lounge | 1 | |
| Stronghold | 1 | |
| War Mill | 1 | |
| Great Hall | 1 | |
| Fortress | 1 | |
| Spirit Lodge | 1 | |
| Watch Tower | 6 | |
| Tauren Totem | 1 | |
20 total
» build order
00:09 Altar of Storms
00:20 Orc Burrow
00:52 Barracks
01:22 Orc Burrow
02:21 Voodoo Lounge
03:17 Stronghold
04:25 War Mill
05:26 Great Hall
05:41 Fortress
05:46 Spirit Lodge
05:52 Watch Tower
07:38 Tauren Totem
08:13 Watch Tower
09:46 Watch Tower
10:37 Orc Burrow
12:25 Orc Burrow
15:14 Watch Tower
15:17 Watch Tower
16:01 Orc Burrow
16:41 Watch Tower
» items
| Healing Salve | 1 | |
| Scroll of Town Portal | 1 | |
| Scroll of Protection | 1 | |
| Boots of Speed | 1 | |
| Orb of Lightning | 1 | |
| Lesser Clarity Potion | 2 | |
7 total
team 2 (loser)

»
Apocalix (
pink | 66 APM | 1178 actions | 17:56)
5 Priestess of the Moon
1 Scout
3 Trueshot Aura
1 Searing Arrows
» actions
| Assign group hotkey | 24 | |
| Build / train | 69 | |
| Enter build submenu | 16 | |
| Enter hero's abilities submenu | 5 | |
| Give item / drop item | 4 | |
| Remove unit from queue | 2 | |
| Right click | 502 | |
| Select / deselect | 217 | |
| Select group hotkey | 280 | |
| Use ability | 59 | |
1178 total
» units
| Wisp | 19 | |
| Archer | 23 | |
| Glaive Thrower | 2 | |
44 total
» upgrades
| Improved Bows | 1 | |
| Strength of the Moon | 3 | |
| Marksmanship | 1 | |
| Moon Armor | 3 | |
| Vorpal Blades | 1 | |
9 total
» buildings
| Altar of Elders | 1 | |
| Moon Well | 6 | |
| Ancient of War | 3 | |
| Ancient of Wonders | 1 | |
| Tree of Ages | 1 | |
| Tree of Life | 4 | |
| Hunter's Hall | 1 | |
| Tree of Eternity | 1 | |
18 total
» build order
00:10 Altar of Elders
00:17 Moon Well
00:47 Ancient of War
01:31 Moon Well
01:50 Ancient of Wonders
02:46 Tree of Ages
04:04 Tree of Life
04:36 Tree of Life
04:40 Tree of Life
04:47 Moon Well
05:13 Hunter's Hall
05:18 Ancient of War
05:27 Ancient of War
05:53 Moon Well
06:56 Tree of Life
07:15 Tree of Eternity
11:59 Moon Well
12:05 Moon Well
» items
| Anti-magic Potion | 1 | |
| Scroll of Town Portal | 4 | |
| Potion of Healing | 1 | |
6 total

»
skrt (
teal | 168 APM | 3029 actions | 18:04)
5 Death Knight
3 Death Coil
2 Unholy Aura
2 Lich
1 Frost Nova
1 Frost Armor
2 Crypt Lord
1 Impale
1 Spiked Carapace
» actions
| Assign group hotkey | 23 | |
| Basic commands | 213 | |
| Build / train | 62 | |
| ESC pressed | 4 | |
| Enter build submenu | 20 | |
| Enter hero's abilities submenu | 10 | |
| Remove unit from queue | 2 | |
| Right click | 1414 | |
| Select / deselect | 506 | |
| Select group hotkey | 693 | |
| Use ability | 82 | |
3029 total
» units
| Acolyte | 13 | |
| Ghoul | 4 | |
| Crypt Fiend | 5 | |
| Frost Wyrm | 3 | |
25 total
» upgrades
| Web | 1 | |
| Creature Attack | 1 | |
| Creature Carapace | 1 | |
3 total
» buildings
| Crypt | 1 | |
| Graveyard | 1 | |
| Altar of Darkness | 1 | |
| Ziggurat | 7 | |
| Tomb of Relics | 1 | |
| Nerubian Tower | 1 | |
| Necropolis | 1 | |
| Halls of the Dead | 2 | |
| Spirit Tower | 4 | |
| Black Citadel | 1 | |
| Sacrificial Pit | 1 | |
| Boneyard | 2 | |
23 total
» build order
00:10 Crypt
00:14 Graveyard
00:44 Altar of Darkness
01:00 Ziggurat
01:26 Tomb of Relics
02:00 Nerubian Tower
02:15 Ziggurat
04:26 Necropolis
05:04 Halls of the Dead
05:04 Halls of the Dead
05:38 Ziggurat
06:34 Spirit Tower
06:40 Ziggurat
06:46 Ziggurat
08:52 Spirit Tower
09:10 Ziggurat
09:39 Black Citadel
10:05 Spirit Tower
10:53 Sacrificial Pit
11:51 Ziggurat
12:04 Boneyard
12:06 Boneyard
15:35 Spirit Tower
» items
| Rod of Necromancy | 2 | |
| Potion of Healing | 3 | |
| Boots of Speed | 1 | |
| Potion of Mana | 2 | |
| Scroll of Town Portal | 3 | |
| Orb of Corruption | 1 | |
12 total

»
Ma_nig_ga (
red | 64 APM | 1160 actions | 18:00)
6 Dark Ranger
3 Black Arrow
2 Life Drain
1 Charm
2 Keeper of the Grove
1 Entangling Roots
1 Thorns Aura
» actions
| Assign group hotkey | 2 | |
| Basic commands | 88 | |
| Build / train | 69 | |
| ESC pressed | 1 | |
| Enter build submenu | 24 | |
| Enter hero's abilities submenu | 8 | |
| Right click | 543 | |
| Select / deselect | 359 | |
| Select group hotkey | 3 | |
| Use ability | 63 | |
1160 total
» units
| Wisp | 20 | |
| Archer | 21 | |
| Hippogryph | 8 | |
49 total
» upgrades
| Strength of the Moon | 3 | |
| Moon Armor | 4 | |
| Improved Bows | 1 | |
8 total
» buildings
| Moon Well | 7 | |
| Altar of Elders | 1 | |
| Ancient of War | 1 | |
| Hunter's Hall | 1 | |
| Tree of Ages | 1 | |
| Ancient Protector | 6 | |
| Tree of Life | 1 | |
| Ancient of Wind | 2 | |
| Tree of Eternity | 1 | |
| Ancient of Wonders | 1 | |
22 total
» build order
00:09 Moon Well
00:50 Altar of Elders
01:08 Ancient of War
01:13 Moon Well
02:26 Moon Well
03:27 Hunter's Hall
04:39 Tree of Ages
04:43 Ancient Protector
05:14 Ancient Protector
05:18 Ancient Protector
05:24 Ancient Protector
06:21 Ancient Protector
06:27 Tree of Life
07:31 Ancient of Wind
07:36 Ancient of Wind
07:39 Moon Well
09:14 Moon Well
10:31 Ancient Protector
11:31 Moon Well
11:34 Tree of Eternity
12:34 Ancient of Wonders
15:28 Moon Well

»
jsnoop123 (
orange | 32 APM | 471 actions | 14:41)
3 Blademaster
1 Critical Strike
1 Wind Walk
1 Mirror Image
2 Dark Ranger
1 Black Arrow
1 Silence
» actions
| Basic commands | 11 | |
| Build / train | 45 | |
| Enter build submenu | 15 | |
| Enter hero's abilities submenu | 5 | |
| Remove unit from queue | 1 | |
| Right click | 207 | |
| Select / deselect | 160 | |
| Use ability | 27 | |
471 total
» units
| Peon | 12 | |
| Grunt | 5 | |
| Troll Headhunter/Berserker | 12 | |
| Wind Rider | 5 | |
34 total
» upgrades
» buildings
| Altar of Storms | 1 | |
| Orc Burrow | 4 | |
| Barracks | 1 | |
| Stronghold | 1 | |
| War Mill | 1 | |
| Great Hall | 1 | |
| Watch Tower | 1 | |
| Beastiary | 1 | |
11 total
» build order
00:27 Altar of Storms
00:34 Orc Burrow
01:05 Barracks
02:30 Orc Burrow
03:39 Orc Burrow
04:18 Stronghold
04:29 War Mill
05:17 Orc Burrow
05:43 Great Hall
06:15 Watch Tower
10:24 Beastiary
Chat log
(00:32 / All) BoratSagdiev: yaksemaesh?
(01:07 / Allies) skrt: who here a noob reforged preorder
(01:39 / Allies) Ma_nig_ga: archers to hiipo rider
(01:43 / All) Apocalix: I BOUGHT IT WITH GOLD FROM WOW
(01:57 / Allies) skrt: wow lore is now canon xD
(02:00 / All) hixhix: plz stuf
(04:41 / Allies) skrt: bm in 2018
(04:47 / Allies) skrt: jesus
(05:00 / Allies) skrt: watch for bats
(05:54 / Allies) jsnoop123: wood plz
(06:23 / Allies) skrt: 100% he wyv teched or is batting
(06:33 / Allies) Ma_nig_ga: gta hit
(07:13 / Allies) jsnoop123: omg
(10:40 / Allies) Ma_nig_ga: oj gol dplz
(10:45 / Allies) Ma_nig_ga: share plz
(10:56 / Allies) jsnoop123: fuck
(11:14 / Allies) Ma_nig_ga: tela fuken help him
(11:26 / Allies) Ma_nig_ga: oj i need gold now
(12:33 / Allies) skrt: did u preorder reforged oj
(12:41 / Allies) jsnoop123: tp
(12:49 / Allies) Ma_nig_ga: bak oj
(12:51 / Allies) Ma_nig_ga: burrow
(12:52 / Allies) Ma_nig_ga: and tp
(12:55 / Allies) jsnoop123: i know
(14:27 / All) Apocalix: LOL
(14:32 / Allies) jsnoop123: ty
(14:36 / Allies) jsnoop123: teal
(14:49 / Allies) skrt: why dont they uninstalsl
(14:54 / Allies) skrt: u guys lose an even fight
(14:57 / Allies) skrt: while i have to 2v1
(15:10 / Allies) skrt: fucking hillarious
(18:01 / All) ggplot: gg